 Dungeon Crawl Stone Soup version 0.26-a0-667-g92642533e4 (webtiles) character file.

Game seed: 15143107241276584590

11061 Kinoniko the Spear-Bearer (level 11, -8/127 HPs)
             Began as an Ogre Berserker on Oct 16, 2020.
             Was a High Priest of Trog.
             Mangled by a bone dragon (9 damage)
             ... on level 1 of the Abyss.
             The game lasted 00:20:52 (14258 turns).

Kinoniko the Spear-Bearer (Ogre Berserker)         Turns: 14258, Time: 00:20:53

Health: -8/127     AC: 11    Str: 25    XL:     11   Next: 71%
Magic:  11/11      EV:  9    Int:  8    God:    Trog [*****.]
Gold:   595        SH:  0    Dex: 11    Spells: 10/10 levels left

rFire    + + +     SeeInvis +   p - +5 halberd (vorpal)
rCold    x . .     Faith    .   (shield currently unavailable)
rNeg     . . .     Spirit   .   q - +2 fire dragon scales
rPois    .         Reflect  .   (helmet restricted)
rElec    .         Harm     .   n - scarf {repulsion}
rCorr    .         Rampage  .   (gloves unavailable)
MR       ++++.                  (boots unavailable)
Stlth    ..........             (no amulet)
HPRegen  1.00/turn              v - ring of see invisible
MPRegen  0.12/turn              r - ring of protection from magic

@: berserk cooldown, recuperating, mildly diseased, hasted and slowed, repel
missiles
A: large, unfitting armour, agile 1, fire resistance 1, screaming 1, tough skin
1
a: Berserk, Trog's Hand, Brothers in Arms, Renounce Religion


You were on level 1 of the Abyss.
You worshipped Trog.
Trog was extremely pleased with you.
You visited 1 branch of the dungeon, and saw 10 of its levels.
You visited the Abyss 1 time.

You collected 595 gold pieces.

Inventory:

Hand Weapons
 g - a +5 spear
 p - a +5 vorpal halberd (weapon)
 y - a +0 trident
Armour
 b - a +0 animal skin
 n - a scarf of repulsion (worn)
 q - +2 fire dragon scales (worn)
Jewellery
 f - an uncursed ring of poison resistance
 r - a ring of protection from magic (right hand)
 v - a ring of see invisible (left hand)
Wands
 a - a wand of disintegration (14)
 o - a wand of flame (14)
 u - a wand of polymorph (6)
 z - a wand of digging (6)
 A - a wand of random effects (39)
Scrolls
 j - 3 scrolls of magic mapping
 l - 3 scrolls of teleportation
 m - 2 scrolls of fog
Potions
 c - a potion of brilliance
 d - 2 potions of berserk rage
 e - 5 potions of curing
 h - 2 potions of lignification
 i - 2 potions of degeneration
 k - a potion of flight


   Skills:
 * Level 13.1 Fighting
 - Level 14.7 Polearms
 - Level 3.2 Dodging


You had 10 spell levels left.
You didn't know any spells.
Your spell library contained the following spells:

 Spells                   Type           Power        Failure   Level
 Corona                   Hex            #......      78%         1
 Ensorcelled Hibernation  Hex/Ice        #.....       89%         2
 Confusing Touch          Hex            #.......     98%         3
 Dazzling Flash           Conj/Hex       #.....       98%         3
 Gell's Gravitas          Tloc           #.........   98%         3
 Tukima's Dance           Hex            #.......     98%         3
 Petrify                  Tmut/Erth      #.......     100%        4
 Metabolic Englaciation   Hex/Ice        #.........   100%        5
 Yara's Violent Unravell  Hex/Tmut       #.........   100%        5


Dungeon Overview and Level Annotations

Branches:
Dungeon (10/15)            Temple (0/1) D:7            Lair (0/6) D:9
    Orc (0/2) D:9

Altars:
Dithmenos
Gozag
Kikubaaqudgha
Nemelex Xobeh
Okawaru
Ru
Trog
Vehumet
Wu Jian
Xom
The Shining One
Beogh

Shops:
D:5 *   D:7 *   D:10 *

Annotations:
D:10 Psyche


Innate Abilities, Weirdness & Mutations

You are too large for most types of armour.
You have tough skin. (AC +1)
You are agile. (Dex +2)
Your flesh is heat resistant. (rF+)
You occasionally shout uncontrollably at your foes.


Message History

The bone dragon bites you!!
* * * LOW HITPOINT WARNING * * *
The bone dragon claws you but does no damage.
The bone dragon completely misses you.
You hit the bone dragon.
The bone dragon is lightly damaged.
You hit the bone dragon but do no damage.
The bone dragon is lightly damaged.
The bone dragon bites you but does no damage.
The bone dragon completely misses you. The bone dragon tramples you!
* * * LOW HITPOINT WARNING * * *
You hold your ground!
You hit the bone dragon but do no damage.
The bone dragon is lightly damaged.
The bone dragon bites you!
* * * LOW HITPOINT WARNING * * *
The bone dragon claws you.
* * * LOW HITPOINT WARNING * * *
The bone dragon tramples you!
You die...

# ... ## . .# #. ##
... . # #. #
####### #.# ..
#..#..# ## ..# #
#.....## ..... . .
##.###...####...#..
.#. #
#.......D@#...#. #
##.
......########.# ..
.# # ##### ###.####
..# #. . #. # ##
#.## #


You could see a bone dragon.

Vanquished Creatures
  A tentacled starspawn (Abyss:1)
  A two-headed ogre (D:10)
  An unseen horror (D:10)
  An ancient zyme (Abyss:1)
  Grinder (D:5)
  A hornet (D:8)
  Sigmund (D:6)
  2 ynoxinuls (Abyss:1)
  6 yaks (D:9)
  A wraith (D:10)
  Menkaure (D:6)
  A water moccasin (D:8)
  A sky beast (D:6)
  11 orc warriors
  2 ice beasts
  A black bear (D:4)
  2 eyes of draining (D:10)
  10 ogres
  A phantom (D:9)
  A necrophage (D:10)
  2 small abominations (Abyss:1)
  2 centaurs
  3 big kobolds
  5 bullfrogs
  2 scorpions
  10 killer bees
  12 wights
  4 howler monkeys
  2 bullfrog zombies
  A starcursed mass (Abyss:1)
  A quasit (Abyss:1)
  5 hounds
  7 orc priests
  Crazy Yiuf (D:6)
  3 jellies
  6 orc wizards
  2 bullfrog skeletons
  3 centaur skeletons
  2 iguanas
  5 worker ants
  A killer bee zombie (D:8)
  A hound skeleton (D:6)
  2 worker ant zombies
  9 adders
  6 river rats (D:3)
  2 gnolls (D:1)
  4 white imps
  4 ufetubi
  3 oozes
  2 adder zombies (D:6)
  5 worms
  2 dart slugs (D:1)
  7 leopard geckos
  46 orcs
  3 ball pythons
  6 giant cockroaches
  9 goblins
  9 hobgoblins
  15 jackals
  7 quokkas
  9 bats
  8 frilled lizards
  25 kobolds
  A leopard gecko skeleton (D:5)
  12 rats
  2 starspawn tentacles (Abyss:1)
325 creatures vanquished.

Vanquished Creatures (others)
  4 plants (D:2)
4 creatures vanquished.

Grand Total: 329 creatures vanquished

Notes
Turn   | Place    | Note
-------+----------+-------------------------------------------
     0 | D:1      | Kinoniko the Ogre Berserker began the quest for the Orb.
     0 | D:1      | Reached XP level 1. HP: 24/24 MP: 1/1
    95 | D:1      | Reached XP level 2. HP: 10/32 MP: 2/2
   494 | D:1      | Reached XP level 3. HP: 32/40 MP: 3/3
  1089 | D:1      | Reached ** piety under Trog
  1117 | D:1      | Reached skill level 4 in Polearms
  1199 | D:2      | Reached XP level 4. HP: 45/49 MP: 4/4
  1501 | D:2      | Found a bloodstained altar of Trog.
  2303 | D:3      | Reached XP level 5. HP: 55/55 MP: 5/5
  2383 | D:3      | Reached skill level 5 in Polearms
  2461 | D:3      | Found an ancient bone altar of Kikubaaqudgha.
  2533 | D:3      | Found a sparkling altar of Nemelex Xobeh.
  2640 | D:3      | Reached *** piety under Trog
  2709 | D:3      | Found a sacrificial altar of Ru.
  3639 | D:4      | Reached XP level 6. HP: 63/63 MP: 6/6
  3650 | D:4      | Reached skill level 6 in Polearms
  4407 | D:4      | Noticed a black bear
  4413 | D:4      | Killed a black bear
  4413 | D:4      | Reached skill level 7 in Polearms
  4413 | D:4      | Reached XP level 7. HP: 71/71 MP: 7/7
  4565 | D:5      | Entered Level 5 of the Dungeon
  4675 | D:5      | Noticed Grinder
  4676 | D:5      | Paralysed by Grinder for 7 turns
  4692 | D:5      | Killed Grinder
  4692 | D:5      | Reached skill level 8 in Polearms
  5068 | D:5      | Found a radiant altar of Vehumet.
  5245 | D:5      | Found Muhimoh's Assorted Antiques.
  5372 | D:5      | Reached skill level 9 in Polearms
  5372 | D:5      | Reached XP level 8. HP: 79/79 MP: 8/8
  5656 | D:5      | Found an ornate altar of the Wu Jian Council.
  6263 | D:6      | Noticed Menkaure
  6270 | D:6      | Killed Menkaure
  6270 | D:6      | Reached **** piety under Trog
  6517 | D:6      | Reached skill level 10 in Polearms
  6716 | D:6      | Found Elugre's Book Emporium.
  6904 | D:6      | Found an iron altar of Okawaru.
  7115 | D:6      | Reached skill level 11 in Polearms
  7168 | D:6      | Found a shadowy altar of Dithmenos.
  7186 | D:6      | Reached XP level 9. HP: 85/85 MP: 9/9
  7681 | D:6      | Noticed Sigmund
  7688 | D:6      | Killed Sigmund
  7731 | D:6      | Found a shimmering altar of Xom.
  7807 | D:6      | Found a runed translucent door.
  7808 | D:6      | Noticed Crazy Yiuf
  7818 | D:6      | Killed Crazy Yiuf
  8667 | D:7      | Found Etiriy's General Store.
  8703 | D:7      | Reached skill level 12 in Polearms
  9108 | D:7      | Found a staircase to the Ecumenical Temple.
  9134 | D:8      | Noticed a hornet
  9146 | D:8      | Killed a hornet
  9168 | D:8      | HP: 4/85 [killer bee (2)]
  9618 | D:7      | Reached skill level 13 in Polearms
  9619 | D:7      | HP: 6/127 [killer bee (7)]
 10021 | D:8      | Reached XP level 10. HP: 94/94 MP: 10/10
 10586 | D:8      | Found a glowing golden altar of the Shining One.
 10642 | D:8      | Found an opulent altar of Gozag.
 10945 | D:9      | Reached ***** piety under Trog
 10951 | D:9      | Reached skill level 14 in Polearms
 11181 | D:9      | Found a staircase to the Lair.
 11838 | D:9      | Reached skill level 5 in Fighting
 12124 | D:9      | Gained mutation: You occasionally shout uncontrollably at
                  | your foes. [potion of mutation]
 12124 | D:9      | Gained mutation: Your flesh is heat resistant. (rF+)
                  | [potion of mutation]
 12124 | D:9      | Gained mutation: You are agile. (Dex +2) [potion of
                  | mutation]
 12284 | D:9      | Found a roughly hewn altar of Beogh.
 12284 | D:9      | Found a staircase to the Orcish Mines.
 12917 | D:10     | Entered Level 10 of the Dungeon
 12917 | D:10     | Noticed a two-headed ogre
 12924 | D:10     | Killed a two-headed ogre
 12924 | D:10     | Reached XP level 11. HP: 115/115 MP: 11/11
 13134 | D:10     | Found Jyotsuev's Assorted Antiques.
 13375 | D:10     | Reached skill level 10 in Fighting
 13415 | D:10     | Noticed an unseen horror
 13914 | D:10     | Killed an unseen horror
 13996 | D:10     | Noticed Psyche
 14009 | D:10     | Cast into level 1 of the Abyss (Psyche)
 14084 | Abyss:1  | Received a gift from Trog
 14172 | Abyss:1  | Noticed a tentacled starspawn
 14174 | Abyss:1  | Noticed a starcursed mass
 14184 | Abyss:1  | Killed a tentacled starspawn
 14249 | Abyss:1  | Noticed a bone dragon
 14258 | Abyss:1  | HP: 2/127 [bone dragon (14)]
 14258 | Abyss:1  | Mangled by a bone dragon

Illustrated notes

Levels and vault maps discovered:
D:1:      minmay_arrival_hallway, layout_loops_cross
D:2:      cheibrodos_old_hovel, layout_basic, marbit_many_paths
D:3:      layout_basic, lemuel_round_altar, nicolae_overflow_hidden_temple,
          nicolae_ru_sacrificial_ziggurat, portal_sewer_entry_e
D:4:      black_bear_nest_1, layout_loops_corners
D:5:      layout_layer_cave, vehumet_altar_wand_db, kennysheep_mini,
          serial_shops, nicolae_shop_overgrown_old_shop,
          kennysheep_generic_room_13, uniq_grinder
D:6:      layout_layer_cave, grunt_dithmenos_smoke_and_mirrors, okawaru_trees_2,
          nicolae_overflow_crystal_walls, serial_shops, shop, uniq_menkaure,
          uniq_sigmund, uniq_crazy_yiuf_cottage
D:7:      layout_cave_pools, minmay_temple_entry_poolview, serial_shops,
          nicolae_shop_statue_plus
D:8:      layout_cave_pools, lemuel_crystal_altar, tso_oasis_becter,
          serial_co_window_serial, co_window_corner_a, co_window_corner_a,
          co_window_of_opportunity_a, co_window_paths_a, co_window_paths_a,
          co_window_2corner, co_window_unsneaky_path_a, co_window_broadway_a,
          glass_columns_b, glass_columns_b, glass_columns_a,
          hangedman_minor_gate_pass
D:9:      layout_basic, lair_entry_dummy, david_orc_5, minmay_misc_feat_chi
D:10:     layout_roguey, serial_shops, nicolae_shop_crystal,
          minmay_joined_circles, uniq_psyche
Abyss:1:  base:
D:2

Skill      XL: |  1  2  3  4  5  6  7  8  9 10 11 |
---------------+----------------------------------+-----
Dodging        | 3 |  3.2
Polearms       | 4 5 7 9 11 13 14 | 14.7
Fighting       | 9 13 | 13.1

Action                   |  1- 3 |  4- 6 |  7- 9 | 10-12 || total
-------------------------+-------+-------+-------+-------++-------
Melee: Spear             |   104 |   210 |   366 |   459 ||  1139
       Halberd           |       |       |       |    31 ||    31
       Trident           |       |       |       |    23 ||    23
Invok: Berserk           |     3 |     7 |    19 |    20 ||    49
       Trog's Hand       |       |     1 |     4 |     5 ||    10
  Use: Scroll            |     1 |     9 |     8 |     9 ||    27
       Potion            |       |       |     6 |     8 ||    14
 Stab: Sleeping          |       |     4 |       |     5 ||     9
       Invisible         |       |       |       |     1 ||     1
Armor: Animal skin       |    19 |    21 |     3 |       ||    43
       Fire dragon scale |       |       |   134 |   115 ||   249
       Skin              |       |       |    40 |       ||    40
Dodge: Dodged            |    37 |    63 |   130 |   114 ||   344
       Repelled          |       |       |     3 |       ||     3

Table legend: (Time is in decaauts)
 A = Elapsed time spent in this place.
 B = Non-inter-level travel time spent in this place.
 C = Inter-level travel time spent in this place.
 D = Time resting spent in this place.
 E = Time spent auto-exploring this place.
 F = Levels seen in this place.
 G = Mean time per level.
                   A        B        C        D        E       F      G
               +--------+--------+--------+--------+--------+-----+--------+
         Total |  14249 |  13944 |    305 |   6027 |   6082 |  11 | 1295.4 |
       Dungeon |  13989 |  13684 |    305 |   5942 |   6082 |  10 | 1398.9 |
         Abyss |    259 |    259 |      0 |     85 |      0 |   1 |  259.0 |
               +--------+--------+--------+--------+--------+-----+--------+

Top non-repeatable levels by time:
     D:6: 2374 daAuts
     D:9: 2177 daAuts
     D:5: 1713 daAuts
     D:4: 1363 daAuts
     D:7: 1238 daAuts
     D:1: 1209 daAuts
     D:2: 1066 daAuts
     D:8: 1019 daAuts
     D:3: 975 daAuts
    D:10: 851 daAuts
 Abyss:1: 259 daAuts
